 Dungeon Crawl Stone Soup version 0.26.0-90-g5fd8617961 (webtiles) character file.

Game seed: 9540836806017294460

204 swilekon the Firebug (level 5, -5/31 HPs)
             Began as an Octopode Fire Elementalist on Feb 3, 2021.
             Was an Initiate of Gozag.
             Slain by a gnoll (6 damage)
             ... on level 2 of the Dungeon.
             The game lasted 00:11:59 (3983 turns).

swilekon the Firebug (Octopode Fire Elementalist)   Turns: 3983, Time: 00:12:00

Health: -5/31      AC:  1    Str:  7    XL:     5   Next: 82%
Magic:  8/9        EV: 14    Int: 18    God:    Gozag
Gold:   246        SH:  0    Dex: 13    Spells: 5/9 levels left

rFire    . . .     SeeInvis .   f - +0 dagger
rCold    . . .     Faith    .   (no shield)
rNeg     . . .     Spirit   .   (helmet restricted)
rPois    .         Reflect  .   e - amulet of magic regeneration
rElec    .         Harm     .   (no ring)
rCorr    .         Rampage  .   (no ring)
Will     .....                  (no ring)
Stlth    +++.......             (no ring)
HPRegen  0.10/turn              (no ring)
MPRegen  0.36/turn              (no ring)
                                (no ring)
                                (no ring)

@: gold aura
A: almost no armour, stealthy swim, amphibious, 8 rings, constrict 8, camouflage
1, gelatinous body 1
a: Renounce Religion, Potion Petition, Call Merchant, Bribe Branch


You were on level 2 of the Dungeon.
You worshipped Gozag.
Gozag was aware of your devotion.
You visited 1 branch of the dungeon, and saw 3 of its levels.

You collected 265 gold pieces.
You paid 19 gold pieces to Gozag.

Inventory:

Hand Weapons
 f - a +0 dagger (weapon)
Jewellery
 c - an uncursed amulet of guardian spirit
 e - an amulet of magic regeneration (around mantle)
Scrolls
 b - 4 scrolls of identify
 d - a scroll of blinking
Potions
 a - 3 potions of mutation
 j - 2 potions of brilliance


   Skills:
 + Level 2.7 Dodging
 + Level 3.8 Stealth
 + Level 2.7 Spellcasting
 * Level 3.0 Conjurations
 * Level 4.2 Fire Magic


You had 5 spell levels left.
You knew the following spells:

 Your Spells              Type           Power        Failure   Level
a - Foxfire               Conj/Fire      60%          3%          1
b - Inner Flame           Hex/Fire       10%          22%         3

Your spell library contained the following spells:

 Spells                   Type           Power        Failure   Level
 Conjure Flame            Conj/Fire      15%          12%         3
 Sticky Flame             Conj/Fire      15%          36%         4
 Confusing Touch          Hex            2%           45%         3
 Gell's Gravitas          Tloc           1%           45%         3
 Fireball                 Conj/Fire      7%           71%         5
 Petrify                  Tmut/Erth      2%           86%         4
 Metabolic Englaciation   Hex/Ice        1%           99%         5
 Yara's Violent Unravell  Hex/Tmut       1%           99%         5


Dungeon Overview and Level Annotations

Branches:
Dungeon (3/15)

Altars:
Cheibriados
Gozag
Yredelemnul

Annotations:
D:3 1 runed translucent door


Innate Abilities, Weirdness & Mutations

You cannot wear most types of armour.
You are very stealthy in the water. (Stealth+)
You are amphibious.
You can wear up to eight rings at the same time.
You can use your tentacles to constrict eight enemies at once.
Your skin changes colour to match your surroundings (Stealth+).
Your rubbery body absorbs attacks. (AC +1, EV +1)


Message History

The gnoll hits you from afar with a +0 halberd!
Ouch! That really hurt!
* * * LOW HITPOINT WARNING * * *
Your Conjurations skill increases to level 3!
The gnoll barely misses you.
You climb upwards.
Your mindless thrall stays behind.
There is a stone staircase leading down here.
Okay, then.
You are too injured to fight recklessly!
Casting: Foxfire (safe; 3% risk of failure)
Confirm with . or Enter, or press ? or * to list all spells.
You conjure some foxfire!
The gnoll hits you.
* * * LOW HITPOINT WARNING * * *
The foxfire hits the gnoll.
The gnoll is moderately wounded.
The foxfire hits the gnoll.
The gnoll is almost dead.
The gnoll hits you.
You die...
Your body crumbles into a pile of gold.

#...........##....##.......#
#########†#####.##....##.......#
#.........# ##+##....##.......#
#.#####...# #.........'.......#
#.# #...####......####.......#
#.# #...#.........# #.......#
#.# #...#.........####.#######
#.# #####...§>g...............
#.# #...§@................
#.#########......[...###########
#..................)..#
########.........###..#
#.........# #..# #.........#
#..# ####### #.........#
#..####...... #.........#
#.....#...... #.........#
#.....#......


You could see a gnoll.

Vanquished Creatures
  An orc wizard (D:3)
  A gnoll (D:3)
  7 adders
  An ooze (D:1)
  2 worms
  A dart slug (D:2)
  3 leopard geckos (D:2)
  2 orcs (D:3)
  7 bats
  4 giant cockroaches
  6 goblins
  10 hobgoblins
  16 jackals
  2 ball pythons
  5 frilled lizards
  A jackal zombie (D:3)
  11 kobolds
  A kobold skeleton (D:3)
  4 rats
85 creatures vanquished.

Vanquished Creatures (others)
  291 foxfires
291 creatures vanquished.

Grand Total: 376 creatures vanquished

Notes
Turn   | Place    | Note
-------+----------+-------------------------------------------
     0 | D:1      | swilekon the Octopode Fire Elementalist began the quest for
                  | the Orb.
     0 | D:1      | Reached XP level 1. HP: 11/11 MP: 3/3
   127 | D:1      | Reached XP level 2. HP: 16/17 MP: 0/5
   794 | D:1      | Reached XP level 3. HP: 11/21 MP: 2/6
  1287 | D:1      | You fall into a shaft and drop 1 floor!
  1857 | D:2      | Reached XP level 4. HP: 27/27 MP: 4/7
  1907 | D:2      | Learned a level 3 spell: Inner Flame
  2628 | D:2      | Found an opulent altar of Gozag.
  2681 | D:2      | Found a snail-covered altar of Cheibriados.
  2745 | D:2      | Became a worshipper of Gozag Ym Sagoz the Greedy
  2996 | D:3      | Reached XP level 5. HP: 31/31 MP: 4/8
  3423 | D:3      | Reached skill level 4 in Fire Magic
  3687 | D:3      | Found a runed translucent door.
  3687 | D:3      | Noticed a human
  3691 | D:3      | Found a basalt altar of Yredelemnul.
  3982 | D:2      | HP: 1/31 [gnoll (5)]
  3983 | D:2      | Slain by a gnoll

Illustrated notes

Levels and vault maps discovered:
D:1:      dpeg_arrival_leaves_temple_mockup, layout_rooms
D:2:      layout_basic, gammafunk_temple_overflow_pools, hangedman_glass_teeth
D:3:      kennysheep_big_flooded_room, layout_loops_ring, dk_yredelemnul_ordeal

Skill      XL: |  1  2  3  4  5 |
---------------+----------------+-----
Stealth        | 3 |  3.8
Conjurations   | 2 3 |  3.0
Fire Magic     | 4 |  4.2
Dodging        | |  2.7
Spellcasting   | |  2.7

Action                   |  1- 3 |  4- 6 || total
-------------------------+-------+-------++-------
Melee: Dagger            |     5 |    23 ||    28
       Constrict         |     2 |     5 ||     7
       Tentacles         |     2 |     2 ||     4
 Cast: Foxfire           |    73 |   119 ||   192
  Use: Scroll            |       |    12 ||    12
       Potion            |       |     1 ||     1
 Stab: Sleeping          |       |     1 ||     1
Armor: Skin              |     6 |     2 ||     8
Dodge: Dodged            |    22 |    36 ||    58
